 Dungeon Crawl Stone Soup version 0.29.1-13-g9f3cf754e1 (webtiles) character file.

Game seed: 11087951442352558267

17963 croobank the Destroyer (level 11, -4/91 HPs)
             Began as a Demigod Conjurer on Jan 19, 2023.
             Slain by a black mamba (9 damage)
             ... on level 2 of the Lair of Beasts on Jan 20, 2023.
             The game lasted 01:29:29 (19570 turns).

croobank the Destroyer (Demigod Conjurer)          Turns: 19570, Time: 01:29:29

Health: -4/91      AC: 12    Str:  8    XL:     11   Next: 97%
Magic:  1/25       EV: 14    Int: 38    God:
Gold:   1170       SH:  0    Dex: 12    Spells: 7/23 levels left

rFire   . . .      SeeInvis .   D - +2 short sword (venom)
rCold   . . .      Faith    .   (no shield)
rNeg    . . .      Spirit   .   o - +1 troll leather armour
rPois   .          Reflect  .   p - +2 hat
rElec   .          Harm     .   h - +2 cloak
rCorr   .          Rampage  .   (no gloves)
Will    ++...                   C - +1 pair of boots
Stlth   +++.......              y - amulet of regeneration
HPRegen 1.85/turn               e - ring of willpower
MPRegen 0.19/turn               N - +6 ring of intelligence

@: lethally poisoned (-4 -> -9), hasted, very quick
A: high MP 1, forlorn, divine attributes
a: no special abilities


You were on level 2 of the Lair of Beasts.
You visited 2 branches of the dungeon, and saw 13 of its levels.

You collected 1491 gold pieces.
You spent 321 gold pieces at shops.

Inventory:

Hand Weapons
 a - a +0 long sword
 b - a +0 arbalest
 f - a +0 dagger
 g - a +4 halberd
 r - a +0 hand axe of electrocution
 s - a +0 arbalest
 w - a +1 shortbow of flaming
 B - a +2 trident of venom
 D - a +2 short sword of venom (weapon)
 I - a +0 morningstar
 K - a +5 vampiric spear
Armour
 h - a +2 cloak (worn)
 k - a +0 leather armour
 o - a +1 troll leather armour (worn)
 p - a +2 hat (worn)
 C - a +1 pair of boots (worn)
 M - a +0 leather armour of cold resistance
Jewellery
 e - a ring of willpower (left hand)
 j - a +4 ring of evasion
 v - a ring of flight
 y - an amulet of regeneration (around neck)
 F - a ring of magical power
 N - a +6 ring of intelligence (right hand)
Wands
 A - a wand of iceblast (21)
 J - a wand of paralysis (4)
 L - a wand of flame (9)
 Q - a wand of digging (5)
Scrolls
 d - 2 scrolls of identify
 i - a scroll of amnesia
 t - 4 scrolls of immolation
 x - 2 scrolls of vulnerability
 G - 2 scrolls of teleportation
 H - a scroll of fog {unknown}
Potions
 c - a potion of cancellation
 l - 2 potions of invisibility
 m - 7 potions of brilliance
 q - 2 potions of degeneration
 u - 2 potions of attraction
 z - 2 potions of resistance
 E - 2 potions of flight
 O - a potion of mutation


   Skills:
 + Level 6.9 Fighting
 + Level 7.3 Dodging
 + Level 7.9 Stealth
 + Level 6.7 Spellcasting
 + Level 8.1 Conjurations
 - Level 5.0 Hexes
 * Level 1.0 Summonings
 - Level 5.0 Translocations
 - Level 3.0 Transmutations
 - Level 2.9 Fire Magic
 - Level 3.0 Air Magic
 - Level 3.0 Poison Magic


You had 7 spell levels left.
You knew the following spells:

 Your Spells              Type           Power      Damage    Failure   Level
a - Magic Dart            Conj           100%       1d8       1%          1
b - Searing Ray           Conj           100%       2d8       1%          2
c - Dazzling Flash        Conj/Hex       100%       N/A       1%          3
d - Iskenderun's Mystic   Conj/Tloc      58%        2d12      2%          4
e - Mephitic Cloud        Conj/Pois/Air  49%        N/A       1%          3
f - Ignite Poison         Fire/Tmut/Pois 35%        N/A       3%          3

Your spell library contained the following spells:

 Spells                   Type           Power      Damage    Failure   Level
 Slow                     Hex            100%       N/A       1%          1
 Confusing Touch          Hex            50%        N/A       1%          3
 Portal Projectile        Hex/Tloc       100%       N/A       1%          3
 Stone Arrow              Conj/Erth      86%        3d12      2%          3
 Fulminant Prism          Conj/Hex       29%        3d14      2%          4
 Passwall                 Tmut/Erth      20%        N/A       3%          2
 Sandblast                Erth           24%        2d8       4%          1
 Call Canine Familiar     Summ           20%        N/A       8%          3
 Ozocubu's Armour         Ice            12%        N/A       12%         3
 Vampiric Draining        Necr           12%        2d6       12%         3
 Leda's Liquefaction      Hex/Erth       15%        N/A       14%         4
 Corpse Rot               Necr/Pois/Air  28%        N/A       19%         4
 Freezing Cloud           Conj/Ice/Air   20%        6-21      24%         5
 Alistair's Intoxication  Tmut/Pois      23%        N/A       32%         5
 Summon Forest            Summ/Tloc      17%        N/A       32%         5
 Summon Mana Viper        Hex/Summ       35%        N/A       32%         5
 Dispel Undead            Necr           12%        3d9       38%         4
 Metabolic Englaciation   Hex/Ice        15%        N/A       38%         5
 Borgnjor's Vile Clutch   Necr/Erth      6%         N/A       75%         5
 Eringya's Noxious Bog    Tmut/Pois      17%        N/A       88%         6
 Death Channel            Necr           6%         N/A       99%         6
 Simulacrum               Ice/Necr       6%         N/A       99%         6
 Summon Cactus Giant      Summ           10%        N/A       99%         6


Dungeon Overview and Level Annotations

Branches:
Dungeon (10/15)            Temple (0/1) D:4            Lair (3/5) D:8
 Spider (0/4) Lair:2
  Swamp: Lair:2-3    Shoals: Lair:2-3       Orc: D:9-12

Shops:
D:5 [   D:6 *   D:8 ((?

Annotations:
D:9 2 transporters, ctx's ghost, novice GnEE
D:10 Fannar; Josephine
Lair:2 1 runed translucent door, LustLizard's ghost, journeyman HOFE


Innate Abilities, Weirdness & Mutations

You have an increased reservoir of magic. (+10% MP)
You shall have no god before yourself.
Your divine heritage dramatically boosts your attributes as you level up.


Message History

The black mamba is severely wounded.
You feel very sick. The black mamba misses you. The black mamba bites you.
You hit the black mamba.
The black mamba is almost dead.
You feel very sick. The black mamba bites you.
You are more poisoned.
The black mamba poisons you!
The black mamba bites you but does no damage.
You miss the black mamba.
The black mamba is almost dead.
You feel extremely sick. The black mamba closely misses you.
The black mamba bites you!
* * * LOW HITPOINT WARNING * * *
Casting: Iskenderun's Mystic Blast (dangerous; 2% risk of failure)
Confirm with . or Enter, or press ? or * to list all spells.
You don't have enough magic to cast this spell.
Throw: throwing net
Press: ? - help, Q - select action, (/) - cycle Shift-Dir - straight line, f - black mamba
Aim: a black mamba (almost dead, poisoned, 42% to hit)
You throw a throwing net.
The throwing net barely misses the black mamba.
* * * LOW HITPOINT WARNING * * *
You feel extremely sick.
The black mamba bites you but does no damage.
The black mamba barely misses you.
Okay, then.
Okay, then.
Okay, then.
Casting: Iskenderun's Mystic Blast (dangerous; 2% risk of failure)
Confirm with . or Enter, or press ? or * to list all spells.
Okay, then.
Search for what [Enter for "shop", or ? for help]? rPois
Okay, then.
You feel yourself speed up.
* * * LOW HITPOINT WARNING * * *
You feel very sick. The black mamba bites you!
You die...

## ##..........# .
###+...#P### .. ##+####
P..#### #W~.# .P...#P##
#.~.# ......(.# #.~.#
........## ####.~.###
........S######..#.$$#.#
........+@..P##..#####.###
.........#...##........##.
..........##.#.........+..
........####.............#
......... #...........##.
......... ####........###
........# #.........#
.#.#. ######..### ####


You could see a black mamba (poisoned).

Vanquished Creatures
  A hydra (Lair:2)
  A boulder beetle (Lair:1)
  Harold (Lair:1)
  A catoblepas (Lair:1)
  Pikel (D:9)
  2 black mambas (Lair:2)
  6 elephants
  2 komodo dragons (Lair:1)
  3 cane toads
  A troll (D:8)
  2 hornets (D:9)
  6 blink frogs (Lair:1)
  Sigmund (D:3)
  A jumping spider (Lair:2)
  2 wyverns
  Grum (D:9)
  2 basilisks (Lair:2)
  13 yaks
  3 steam dragons
  2 acid dragons (D:8)
  6 water moccasins
  6 orc warriors
  A sky beast (D:7)
  A black bear (D:5)
  2 hornet zombies (D:8)
  6 wolves (D:8)
  6 centaurs
  3 lemures (D:9)
  2 phantoms
  7 bullfrogs
  2 scorpions
  2 gnoll sergeants
  A necrophage (D:6)
  10 wights (D:8)
  5 killer bees (D:6)
  9 electric eels (D:8)
  4 centaur zombies (D:8)
  4 jellies
  9 orc priests
  8 hounds
  Jessica (D:3)
  10 orc wizards
  Natasha (thrice) (D:3)
  A killer bee zombie (D:8)
  A howler monkey zombie (D:8)
  9 adders
  11 gnolls
  2 shadow imps
  3 white imps
  3 worms
  2 dart slugs
  45 orcs
  6 bats
  5 endoplasms
  6 giant cockroaches
  4 goblins
  5 hobgoblins
  4 jackals (D:4)
  6 kobolds
  7 quokkas
  7 ball pythons
  4 frilled lizards
  4 rats
295 creatures vanquished.

Vanquished Creatures (others)
  An orc wizard (D:8)
  A white imp (D:7)
  16 fungi
  24 plants
  3 withered plants (D:8)
45 creatures vanquished.

Grand Total: 340 creatures vanquished

Notes
Turn   | Place    | Note
-------+----------+-------------------------------------------
     0 | D:1      | croobank the Demigod Conjurer began the quest for the Orb.
     0 | D:1      | Reached XP level 1. HP: 14/14 MP: 5/5
   513 | D:1      | Reached XP level 2. HP: 22/22 MP: 4/7
   559 | D:1      | Learned a level 2 spell: Searing Ray
   639 | D:1      | Found Ekkiac's Assorted Antiques.
  1496 | D:2      | Reached skill level 1 in Fighting
  1559 | D:2      | Reached XP level 3. HP: 27/28 MP: 5/8
  2217 | D:3      | Noticed Sigmund
  2224 | D:3      | Killed Sigmund
  2225 | D:3      | Reached skill level 4 in Conjurations
  2225 | D:3      | Reached XP level 4. HP: 31/36 MP: 1/10
  2225 | D:3      | Reached XP level 5. HP: 35/41 MP: 1/11
  2377 | D:3      | Noticed Jessica
  2387 | D:3      | Killed Jessica
  2787 | D:3      | Reached XP level 6. HP: 48/48 MP: 7/13
  3202 | D:3      | Learned a level 3 spell: Dazzling Flash
  3390 | D:3      | You fall into a shaft and drop 2 floors!
  3390 | D:5      | Entered Level 5 of the Dungeon
  3447 | D:6      | Noticed a steam dragon
  3896 | D:3      | Noticed Natasha
  3906 | D:3      | Killed Natasha
  4241 | D:3      | Noticed Natasha
  4246 | D:3      | Killed Natasha
  4413 | D:3      | Noticed Natasha
  4435 | D:3      | Killed Natasha
  4827 | D:4      | Found a staircase to the Ecumenical Temple.
  5414 | D:5      | Reached skill level 1 in Hexes
  5448 | D:5      | Reached XP level 7. HP: 40/56 MP: 2/15
  5615 | D:5      | Found a runed translucent door.
  5629 | D:5      | Found Doyny's Antique Armour Shop.
  5909 | D:5      | Reached skill level 5 in Conjurations
  7098 | D:5      | Reached XP level 8. HP: 63/63 MP: 10/17
  7210 | D:6      | Found Seat's Assorted Antiques.
  7250 | D:6      | Bought a scroll labelled WIGRYA RIULYNE for 27 gold pieces
  7250 | D:6      | Bought 2 fuming blue potions for 48 gold pieces
  7250 | D:6      | Bought a coppery potion for 24 gold pieces
  7250 | D:6      | Identified a scroll of acquirement
  7250 | D:6      | Acquired a ring of willpower
  8341 | D:6      | Reached skill level 5 in Stealth
  8520 | D:6      | Learned a level 4 spell: Iskenderun's Mystic Blast
  8887 | D:7      | Reached skill level 1 in Translocations
  9341 | D:7      | Reached skill level 6 in Conjurations
  9341 | D:7      | Reached XP level 9. HP: 30/72 MP: 16/19
  9786 | D:7      | Reached skill level 5 in Dodging
 10465 | D:8      | Found Xearudah's Weapon Shoppe.
 10714 | D:8      | Reached skill level 5 in Spellcasting
 11023 | D:8      | Found a staircase to the Lair.
 11027 | D:8      | Reached skill level 5 in Fighting
 11761 | D:8      | Reached XP level 10. HP: 81/81 MP: 14/21
 12134 | D:8      | Found Veluegae's Magic Scroll Emporium.
 12152 | D:8      | Bought a scroll of identify for 24 gold pieces
 12152 | D:8      | Bought a scroll of identify for 24 gold pieces
 12152 | D:8      | Bought a scroll of identify for 24 gold pieces
 12152 | D:8      | Bought a scroll of teleportation for 36 gold pieces
 12152 | D:8      | Bought a scroll of identify for 24 gold pieces
 12152 | D:8      | Bought a scroll of blinking for 90 gold pieces
 12328 | D:8      | Found Unaigean's Weapon Emporium.
 12768 | D:9      | Noticed Grum
 13157 | D:9      | Killed Grum
 13323 | D:9      | Reached skill level 5 in Translocations
 13405 | D:9      | Noticed ctx's ghost (novice GnEE)
 13406 | D:9      | Found a transporter.
 13420 | D:9      | Found a transporter.
 13824 | D:9      | Reached skill level 7 in Conjurations
 13824 | D:9      | Reached skill level 5 in Hexes
 14177 | D:9      | Noticed Pikel
 14197 | D:9      | Killed Pikel
 14481 | D:10     | Entered Level 10 of the Dungeon
 14492 | D:10     | Noticed Fannar
 14802 | D:9      | Learned a level 3 spell: Mephitic Cloud
 15818 | D:10     | Noticed Josephine
 15916 | Lair:1   | Entered Level 1 of the Lair of Beasts
 15926 | Lair:1   | Learned a level 3 spell: Ignite Poison
 16323 | Lair:1   | Reached skill level 1 in Poison Magic
 16329 | Lair:1   | Reached skill level 1 in Air Magic
 16329 | Lair:1   | Reached XP level 11. HP: 85/89 MP: 12/24
 16345 | Lair:1   | Reached skill level 1 in Transmutations
 16451 | Lair:1   | Reached skill level 1 in Fire Magic
 17029 | Lair:1   | Noticed Harold
 17041 | Lair:1   | Killed Harold
 17341 | Lair:1   | Noticed a boulder beetle
 17368 | Lair:1   | Killed a boulder beetle
 17554 | Lair:1   | Noticed a catoblepas
 17571 | Lair:1   | Killed a catoblepas
 18253 | Lair:2   | Reached skill level 8 in Conjurations
 18550 | Lair:2   | Found a runed translucent door.
 18557 | Lair:2   | Noticed LustLizard's ghost (journeyman HOFE)
 19226 | Lair:2   | Found a hole to the Spider Nest.
 19244 | Lair:2   | You fall into a shaft and drop 1 floor!
 19248 | Lair:3   | Acquired 723 gold pieces
 19460 | Lair:2   | Noticed a seven-headed hydra
 19468 | Lair:2   | Killed a seven-headed hydra
 19469 | Lair:2   | Reached skill level 1 in Summonings
 19570 | Lair:2   | Slain by a black mamba

Illustrated notes

Levels and vault maps discovered:
D:1:      minmay_arrival_nine_rooms, layout_basic, serial_shops, shop,
          shapermc_ecumenical_altar_totnotflames
D:2:      layout_rooms, kennysheep_cross_room
D:3:      layout_loops_corners, mainiacjoe_overflow_six_doors_small,
          okawaru_trees_2, kennysheep_slug_shrine, uniq_jessica, uniq_natasha,
          uniq_sigmund
D:4:      layout_cave_pods, mainiacjoe_overflow_concentric_impassable,
          fedhas_altar_3, temple_fountains
D:5:      layout_basic, amcnicky_altar_gilded, serial_shops, shop,
          chequers_serial_rivers_small_b, lightli_church_of_beogh
D:6:      layout_cave_pools, serial_shops, shop, gup_sewer_entry_glass
D:7:      layout_layer_cave, minmay_overflow_temple_star_quad
D:8:      layout_loops_corners, tso_oasis_becter,
          pdpol_wu_jian_five_deadly_venoms, erik_lair_island, serial_shops,
          nicolae_shop_hallway_stairs, nicolae_shop_hallway_plus,
          nicolae_stop_n_shop_2, serial_undead, serial_undead_f,
          serial_undead_e, serial_undead_a, serial_undead_a, serial_undead_f,
          serial_undead_e, serial_undead_d, serial_undead_c
D:9:      layout_basic, gammafunk_ghost_arena, dreamdust_princess_bridge,
          uniq_pikel, uniq_grum
D:10:     layout_long_grid, nicolae_qazlal_eye_of_the_storm, erik_orc_4,
          minmay_the_grid_2x2 [minmay_the_grid_doors, minmay_the_grid_spikes,
          minmay_the_grid_spin_star,
          minmay_the_grid_prize_four_corners_diamond_b], uniq_fannar,
          uniq_josephine
Lair:1:   layout_chaotic_city, lemuel_centaur_altar, lemuel_fruit_tree,
          uniq_harold
Lair:2:   layout_roguey, spider_nest_entry_a, ebering_ghost_reflecting_pool,
          grunt_megastairs_4, serial_bayou_shore_a
Lair:3:   layout_regular_city, minmay_shoals_entry_centaurs

Skill      XL: |  1  2  3  4  5  6  7  8  9 10 11 |
---------------+----------------------------------+-----
Stealth        | 2 3 4 5 6 7 |  7.9
Dodging        | 2 3 4 5 6 7 |  7.3
Spellcasting   | 2 3 4 5 6 |  6.7
Fighting       | 1 2 3 4 5 6 |  6.9
Conjurations   | 4 5 6 7 8 |  8.1
Hexes          | 1 2 3 4 5 |  5.0
Translocations | 1 4 5 |  5.0
Poison Magic   | 1 3 |  3.0
Air Magic      | 1 3 |  3.0
Transmutations | 3 |  3.0
Fire Magic     | 2 |  2.9
Summonings     | 1 |  1.0

Action                   |  1- 3 |  4- 6 |  7- 9 | 10-12 || total
-------------------------+-------+-------+-------+-------++-------
Melee: Unarmed           |     7 |       |       |       ||     7
       Dagger            |    20 |    52 |    25 |       ||    97
       Punch             |       |     1 |       |     2 ||     3
       Short sword       |       |       |    73 |   139 ||   212
       Halberd           |       |       |       |    11 ||    11
 Fire: Arbalest          |       |       |       |    12 ||    12
Throw: Throwing net      |       |       |       |     5 ||     5
 Cast: Magic Dart        |    30 |    28 |    82 |    34 ||   174
       Searing Ray       |    13 |    26 |    88 |    99 ||   226
       Dazzling Flash    |       |     7 |    12 |     8 ||    27
       Iskenderun's Myst |       |       |       |    52 ||    52
       Mephitic Cloud    |       |       |       |    14 ||    14
       Ignite Poison     |       |       |       |     8 ||     8
Evoke: Wand              |       |     2 |    14 |       ||    16
  Use: Scroll            |       |       |    18 |    13 ||    31
       Potion            |       |       |     6 |     4 ||    10
 Stab: Sleeping          |     2 |     4 |     3 |     2 ||    11
       Invisible         |       |     2 |       |     1 ||     3
       Held in net/web   |       |       |       |     2 ||     2
Armor: Robe              |     6 |       |       |       ||     6
       Troll leather arm |       |    28 |    51 |   103 ||   182
       Skin              |       |       |    24 |       ||    24
       Leather armour    |       |       |       |    50 ||    50
Dodge: Dodged            |    23 |   143 |   302 |   439 ||   907
